 Dungeon Crawl Stone Soup version 0.20.1-1-g8b1a95d (webtiles) character file.

81 lysyklops the Conjurer (level 4, -1/30 HPs)
             Began as a Human Conjurer on Nov 12, 2017.
             Was an Initiate of Vehumet.
             Slain by a gnoll
             ... wielding a +0 halberd
              (4 damage)
             ... on level 2 of the Dungeon.
             The game lasted 00:13:33 (2326 turns).

lysyklops the Conjurer (Human Conjurer)             Turns: 2326, Time: 00:13:33

Health: -1/30      AC:  2    Str:  8    XL:     4   Next: 68%
Magic:  3/8        EV: 12    Int: 16    God:    Vehumet [......]
Gold:   63         SH:  0    Dex: 14    Spells: 2/8 levels left

rFire    . . .     SeeInvis .   j - +0 dagger
rCold    . . .     Gourm    .   (no shield)
rNeg     . . .     Faith    .   a - +0 robe
rPois    .         Spirit   .   (no helmet)
rElec    .         Reflect  .   (no cloak)
rCorr    .         Harm     .   (no gloves)
MR       .....                  (no boots)
Stlth    +++.......             (no amulet)
Regen    0.1/turn               g - ring of stealth
MPRegen  0.2/turn               (no ring)

@: very slightly contaminated
A: no striking features
a: Renounce Religion


You were on level 2 of the Dungeon.
You worshipped Vehumet.
Vehumet was noncommittal.
You were hungry.

You visited 1 branch of the dungeon, and saw 2 of its levels.

You collected 63 gold pieces.

Inventory:

Hand Weapons
 d - a +0 club
 f - a +0 short sword
 j - a +0 dagger (weapon)
 k - a +0 hand axe
 l - a +0 short sword
 u - a +0 club
 w - a +0 club
Missiles
 m - 8 tomahawks (quivered)
 o - 19 bolts
Armour
 a - a +0 robe (worn)
 h - a +0 pair of boots
 i - a +0 leather armour
 q - a +0 scale mail
 t - a +0 robe
Jewellery
 g - a ring of stealth (left hand)
Scrolls
 e - a scroll of blinking {unknown}
 n - a scroll of recharging {unknown}
 p - a scroll of identify {unknown}
 s - a scroll of fear {unknown}
 v - a scroll of teleportation {unknown}
 x - a scroll of noise {unknown}
Potions
 c - a potion of curing {unknown}
Books
 b - a book of Conjurations

   Spells                             Type                      Level
   a - Magic Dart                     Conjuration                  1
   b - Searing Ray                    Conjuration                  2
   c - Dazzling Spray                 Conjuration/Hexes            3
   d - Fulminant Prism                Conjuration/Hexes            4
   e - Force Lance                    Conjuration/Translocation    4
   f - Iskenderun's Mystic Blast      Conjuration                  4
Comestibles
 r - 3 chunks of flesh


   Skills:
 + Level 0.2 Fighting
 + Level 2.0 Dodging
 + Level 2.4 Stealth
 + Level 2.9 Spellcasting
 + Level 5.0 Conjurations


You had 2 spell levels left.
You knew the following spells:

 Your Spells              Type           Power        Failure   Level  Hunger
a - Magic Dart            Conj           ###.         2%          1    #......
b - Searing Ray           Conj           ###...       3%          2    ##.....
c - Dazzling Spray        Conj/Hex       ##....       21%         3    ###....


Dungeon Overview and Level Annotations

Branches:
Dungeon (2/15)

Altars:
Vehumet
Yredelemnul


Message History

Vehumet accepts your kill. The gnoll closely misses you.
* * * LOW HITPOINT WARNING * * *
You feel sick.
* * * LOW HITPOINT WARNING * * *
You feel sick.
* * * LOW HITPOINT WARNING * * *
You feel sick.
You are no longer poisoned.
Casting: Magic Dart
Confirm with . or Enter, or press ? or * to list all spells.
Aiming: Magic Dart
Press: ? - help, Shift-Dir - straight line, f - gnoll
Aim: a gnoll, wielding a halberd (moderately wounded)
You miscast Magic Dart.
You are very lightly contaminated with residual magic.
Nothing appears to happen.
You are feeling hungry.
The gnoll hits you from afar with a halberd.
You die...

###.# #.........# #.# #........(#
#.# #.........# #.#
##......>..### #.#
##.............
#####.#####..#####.....##
#...#..<....## ###..##
########...#.....#########...#
#..............@.# #........####
##'#####....#.....###.######.....
#...##⌠##...#...g.....# ##....
##.##...##..#...g.##### #....
.'.'...._#.##....^# #....
##.##...##.##.....# #....
######⌠###.##.....## #.### ###
#.##.###..# #.# #..#.# ##.## #.##


You could see 2 gnolls.

Vanquished Creatures
  A gnoll (D:2)
  2 adders (D:2)
  A worm (D:2)
  4 dart slugs
  3 leopard geckos
  A ball python (D:1)
  5 bats
  3 giant cockroaches
  3 goblins
  4 hobgoblins
  4 kobolds (D:1)
  3 frilled lizards
  8 rats
42 creatures vanquished.

Notes
Turn   | Place    | Note
-------+----------+-------------------------------------------
     0 | D:1      | lysyklops the Human Conjurer began the quest for the Orb.
     0 | D:1      | Reached XP level 1. HP: 13/13 MP: 3/3
   198 | D:1      | Reached XP level 2. HP: 19/19 MP: 0/5
   274 | D:1      | Learned a level 2 spell: Searing Ray
   816 | D:1      | Reached XP level 3. HP: 24/24 MP: 2/6
  1824 | D:2      | Reached XP level 4. HP: 30/30 MP: 5/7
  2104 | D:2      | Found a basalt altar of Yredelemnul.
  2117 | D:2      | Found a radiant altar of Vehumet.
  2124 | D:2      | Became a worshipper of Vehumet
  2135 | D:2      | Learned a level 3 spell: Dazzling Spray
  2263 | D:2      | Reached skill level 5 in Conjurations
  2300 | D:2      | HP: 1/30 [poisoned by an adder]
  2326 | D:2      | Slain by a gnoll

Skill      XL: |  1  2  3  4 |
---------------+-------------+-----
Conjurations   | 5 |  5.0
Fighting       | |  0.2
Dodging        | |  2.0
Stealth        | |  2.4
Spellcasting   | |  2.9

Action                   |  1- 3 |  4- 6 || total
-------------------------+-------+-------++-------
Melee: Dagger            |     7 |     5 ||    12
 Cast: Magic Dart        |    64 |    20 ||    84
       Searing Ray       |       |     8 ||     8
 Stab: Sleeping          |     1 |       ||     1
  Eat: Bread ration      |     1 |       ||     1
       Chunk             |     1 |       ||     1
Armor: Robe              |     2 |       ||     2
Dodge: Dodged            |     9 |    16 ||    25
